 Dungeon Crawl Stone Soup version 0.30.1-11-g7821555f0a (webtiles) character file.

Game seed: 3422603513382969876

89 RancidPinata the Sneak (level 4, -3/29 HPs)
             Began as a Gargoyle Delver on Dec 27, 2023.
             Slain by a black bear (5 damage)
             ... on level 5 of the Dungeon.
             The game lasted 00:03:02 (313 turns).

RancidPinata the Sneak (Gargoyle Delver)             Turns: 313, Time: 00:03:03

Health: -3/29      AC:  9    Str: 17    XL:     4   Next: 55%
Magic:  4/4        EV: 11    Int: 11    God:
Gold:   0          SH:  0    Dex: 11    Spells: 3/3 levels left

rFire   . . .        h - +0 rapier
rCold   . . .        (no shield)
rNeg    + . .        j - +0 ring mail
rPois   ∞            (no helmet)
rElec   +            (no cloak)
rCorr   .            (no gloves)
SInv    .            (no boots)
Will    .....        (no amulet)
Stlth   ++           (no ring)
HPRegen 0.24/turn    (no ring)
MPRegen 0.09/turn

%: no passive effects
@: no status effects
A: sickness immunity, AC +3, negative energy resistance 1, electricity
resistance, torment resistance 1, petrification resistance
a: no special abilities


You were on level 5 of the Dungeon.
You visited 1 branch of the dungeon, and saw 2 of its levels.

Inventory:

Hand Weapons
 a - a +0 mace
 h - a +0 rapier (weapon)
Armour
 j - a +0 ring mail (worn)
Wands
 g - a wand of digging (3)
Scrolls
 c - a scroll of fog
 d - a scroll of magic mapping
 e - a scroll of fear
 i - a scroll of immolation {unknown}
Potions
 f - a potion of haste


   Skills:
 * Level 4.0 Fighting
 + Level 1.0 Short Blades
 + Level 2.4 Maces & Flails
 * Level 2.0 Armour
 + Level 2.0 Dodging
 + Level 5.7 Stealth


You had 3 spell levels left.
You didn't know any spells.
Your spell library was empty.

Dungeon Overview and Level Annotations

Branches:
Dungeon (6/15)
 Temple: D:4-7

Altars:
Hepliaklqana


Innate Abilities, Weirdness & Mutations

You are immune to sickness and miasma.
Your stone body is resilient. (AC +3)
You are immune to poison.
You resist negative energy. (rN+)
You are resistant to electric shocks. (rElec)
You are resistant to unholy torment.
You are immune to petrification.


Message History

The black bear completely misses you. The black bear claws you.
The black bear barely misses you.
You barely miss the black bear.
The black bear is moderately wounded.
The black bear bites you but does no damage.
The black bear claws you but does no damage.
The black bear claws you.
* * * LOW HITPOINT WARNING * * *
You barely miss the black bear.
The black bear is moderately wounded.
The black bear closely misses you.
The black bear claws you but does no damage.
The black bear closely misses you.
You hit the black bear.
The black bear is heavily wounded.
The black bear bites you.
* * * LOW HITPOINT WARNING * * *
The black bear completely misses you. The black bear misses you.
You hit the black bear but do no damage.
The black bear is heavily wounded.
The black bear completely misses you. x2
The black bear claws you but does no damage.
You barely miss the black bear.
The black bear is heavily wounded.
The black bear barely misses you. The black bear closely misses you.
The black bear claws you.
* * * LOW HITPOINT WARNING * * *
You closely miss the black bear.
The black bear is heavily wounded.
The black bear barely misses you.
The black bear claws you but does no damage.
The black bear claws you.
* * * LOW HITPOINT WARNING * * *
The black bear barely misses you. The black bear claws you.
* * * LOW HITPOINT WARNING * * *
The black bear misses you.
You barely miss the black bear.
The black bear is heavily wounded.
The black bear bites you.
You die...

#..# #.#...# #.##
#.#.... #[# #.. ...
#.# ### ... #.# #.#
#.# #.# #.# #.#
#.#########^#####.#
#.#@..............#
#.#h#######.#######
#.#.# #.# #.#.# #.#
#.#.#######.#
#.#.##.....<#
#.#.##.######
#....#.######
#........>....


You could see a black bear.

Vanquished Creatures
  A scorpion (D:5)
  A hound (D:5)
  A worm (D:5)
3 creatures vanquished.

Notes
Turn   | Place    | Note
-------+----------+-------------------------------------------
     0 | D:5      | RancidPinata the Gargoyle Delver began the quest for the
                  | Orb.
     0 | D:5      | Reached XP level 1. HP: 14/14 MP: 1/1
     1 | D:6      | Noticed a black bear
     1 | D:6      | Found a hazy altar of Hepliaklqana.
    10 | D:6      | Noticed a wight
    10 | D:6      | Noticed a wight
    10 | D:6      | Noticed a wight
    91 | D:5      | Noticed a hound
   110 | D:5      | Killed a hound
   111 | D:5      | Reached skill level 1 in Armour
   111 | D:5      | Reached XP level 2. HP: 8/20 MP: 2/2
   111 | D:5      | Reached XP level 3. HP: 10/24 MP: 3/3
   182 | D:5      | Noticed a scorpion
   215 | D:5      | Killed a scorpion
   216 | D:5      | Reached skill level 1 in Short Blades
   216 | D:5      | Reached XP level 4. HP: 21/29 MP: 4/4
   312 | D:5      | HP: 1/29 [black bear (4)]
   313 | D:5      | Slain by a black bear

Illustrated notes

Levels and vault maps discovered:
D:5:      minmay_clustersquares, layout_loops_ring, tgw_sif, minivault_26,
          uniq_sigmund
D:6:      layout_rooms, hangedman_feature_mirror, uniq_prince_ribbit1

Skill      XL: |  1  2  3 |
---------------+----------+-----
Armour         | 1 2 |  2.0
Fighting       | 4 |  4.0
Short Blades   | 1 |  1.0
Dodging        | 2 |  2.0
Maces & Flails | |  2.4
Stealth        | |  5.7

Action                     |  1- 3 |  4- 6 || total
---------------------------+-------+-------++-------
  Melee: Rapier            |    32 |    13 ||    45
 Armour: Leather armour    |    17 |       ||    17
         Ring mail         |       |    13 ||    13
  Dodge: Dodged            |    17 |    21 ||    38
